AoeStats
← Erickinio

Arabia

508585544Analyzed
2v2 RM · 9d ago on Sep 23, 2026· 55m 37s· 4 players
Game mode
Random Map
Map size
Medium (4 player)
Population
200
Speed
Normal
Resources
Standard
Victory
Conquest
Starting age
Dark Age
Ending age
Imperial Age
RankedLock teamsTeams togetherTeam positionsShared explorationLock speedFull tech treeHidden civsTurbo modeCheats
Victory
Defeat
🇩🇪 Burgundians · Germany
888
+15
🇦🇷 Celts · Argentina
838
+17
🇹🇼 Tupi · Taiwan
894
-17
🇹🇼 Burgundians · Taiwan
838
-15
許瑞德
0:35 Loom
11:58 Feudal Age
12:13 Double-Bit Axe
14:11 Wheelbarrow
19:20 Castle Age
17:46 Bow Saw
17:50 Fletching
22:09 Scale Barding Armor
22:01 Town Watch
28:07 Horse Collar
29:54 Town Watch
31:36 Hand Cart
33:54 Bodkin Arrow
39:43 Fortified Wall
42:43 Imperial Age
40:09 Cavalier
47:35 Conscription
48:36 Ballistics
Heisenberg
7:46 Loom
10:43 Feudal Age
18:18 Castle Age
16:33 Double-Bit Axe
16:56 Fletching
17:34 Horse Collar
19:36 Pikeman
20:18 Squires
20:37 Forging
22:40 Wheelbarrow
22:26 Town Watch
23:17 Squires
25:25 Bodkin Arrow
29:18 Padded Archer Armor
32:58 Imperial Age
30:22 Gold Mining
30:24 Stone Mining
31:30 Town Patrol
31:45 Bow Saw
33:59 Curare
34:16 Conscription
36:25 Leather Archer Armor
38:18 Ballistics
37:40 Treadmill Crane
39:19 Bracer
41:13 Chemistry
40:28 Halberdier
41:53 Arson
41:40 Elite Blackwood Archer
44:16 Iron Casting
45:30 Ring Archer Armor
vPac1312
5:57 Double-Bit Axe
9:07 Loom
11:12 Feudal Age
10:29 Horse Collar
14:47 Bow Saw
15:40 Heavy Plow
15:31 Town Watch
21:36 Castle Age
23:24 Husbandry
24:57 Two-Man Saw
24:50 Scale Barding Armor
24:56 Forging
26:17 Crop Rotation
27:35 Cavalier
28:31 Fervor
36:01 Imperial Age
34:19 Wheelbarrow
36:19 Chain Barding Armor
36:35 Iron Casting
37:08 Iron Casting
38:42 Plate Barding Armor
39:32 Blast Furnace
38:42 Paladin
38:42 Light Cavalry
40:59 Sanctity
41:45 Chemistry
40:38 Fletching
41:37 Bodkin Arrow
44:21 Ballistics
49:09 Burgundian Vineyards
51:44 Hand Cart
52:30 Bracer
53:55 Gold Mining
56:02 Padded Archer Armor
Erickinio
11:20 Feudal Age
15:08 Man-at-Arms
18:33 Loom
19:37 Scale Mail Armor
20:00 Arson
21:52 Forging
24:25 Castle Age
24:50 Double-Bit Axe
25:19 Gambesons
25:50 Pikeman
28:02 Wheelbarrow
32:38 Long Swordsman
35:05 Iron Casting
35:07 Chain Mail Armor
38:06 Padded Archer Armor
39:06 Hand Cart
38:37 Town Watch
38:50 Murder Holes
40:03 Bow Saw
40:37 Stronghold
41:09 Fletching
41:35 Leather Archer Armor
41:36 Town Patrol
42:07 Bodkin Arrow
41:52 Elite Skirmisher
43:09 Stronghold
46:26 Horse Collar
49:37 Imperial Age
47:58 Masonry
49:40 Onager
51:41 Blast Furnace
51:15 Conscription
52:34 Halberdier
54:37 Plate Mail Armor
56:07 Chemistry
Connection lost

Rejoining the realm…

Still unreachable

The connection could not be restored.

Session expired

The server has moved on; the page needs a fresh start.